 Dungeon Crawl Stone Soup version 0.30.1-11-g7821555f0a (webtiles) character file.

Game seed: 3605864863732917039

149 Ancymen the Trooper (level 5, -1/47 HPs)
             Began as a Hill Orc Fighter on Nov 16, 2023.
             Slain by Edmund
             ... wielding a +4 dire flail of holy wrath
              (3 damage)
             ... on level 4 of the Dungeon.
             The game lasted 00:10:33 (2896 turns).

Ancymen the Trooper (Hill Orc Fighter)              Turns: 2896, Time: 00:10:35

Health: -1/47      AC: 14    Str: 21    XL:     5   Next: 31%
Magic:  5/5        EV:  6    Int:  8    God:
Gold:   233        SH:  4    Dex: 10    Spells: 4/4 levels left

rFire   . . .        a - +0 war axe
rCold   . . .        c - +0 buckler
rNeg    . . .        p - +0 plate armour
rPois   .            e - +0 helmet
rElec   .            (no cloak)
rCorr   .            (no gloves)
SInv    .            m - +0 pair of boots
Will    .....        (no amulet) Stlth
                     g - +4 ring of slaying
HPRegen 0.27/turn    (no ring)
MPRegen 0.09/turn

%: no passive effects
@: mighty
A: no striking features
a: no special abilities


You were on level 4 of the Dungeon.
You visited 1 branch of the dungeon, and saw 4 of its levels.

You collected 233 gold pieces.

Inventory:

Hand Weapons
 a - a +0 war axe (weapon)
 n - the +7 quarterstaff "Tipeujaq" {drain, rPois Will+ Int+3 Dex+2}
   (You found it on level 3 of the Dungeon)

   Int:       It affects your intelligence (+3).
   Dex:       It affects your dexterity (+2).
   rPois:     It protects you from poison.
   Will:      It increases your willpower.
Armour
 b - a +0 scale mail
 c - a +0 buckler (worn)
 e - a +0 helmet (worn)
 m - a +0 pair of boots (worn)
 p - a +0 plate armour (worn)
Jewellery
 f - a +6 ring of intelligence
 g - a +4 ring of slaying (left hand)
 j - a ring of wizardry
 r - an amulet of reflection
Scrolls
 h - 2 scrolls of poison
 i - 2 scrolls of identify
 l - a scroll of amnesia
Potions
 k - 2 potions of curing
 o - a potion of magic {unknown}
 q - a potion of heal wounds {unknown}


   Skills:
 + Level 4.5 Fighting
 + Level 4.2 Axes
 + Level 4.3 Armour
 + Level 0.8 Dodging
 + Level 0.1 Stealth
 + Level 4.1 Shields


You had 4 spell levels left.
You didn't know any spells.
Your spell library contained the following spells:

 Spells                   Type           Power      Damage    Failure   Level
 Beastly Appendage        Tmut           0%         N/A       100%        1
 Sublimation of Blood     Necr           0%         N/A       100%        2
 Wereblood                Tmut           0%         N/A       100%        2
 Ozocubu's Armour         Ice            0%         N/A       100%        3
 Spider Form              Tmut/Pois      0%         N/A       100%        3
 Ozocubu's Refrigeration  Ice            0%         4d7       100%        7
 Summon Hydra             Summ           0%         N/A       100%        7


Dungeon Overview and Level Annotations

Branches:
Dungeon (4/15)
 Temple: D:4-7

Altars:
Cheibriados
Elyvilon
Gozag
Kikubaaqudgha
Okawaru
Ru
Vehumet
Wu Jian
Xom
Zin

Shops:
D:3 (

Annotations:
D:4 Edmund


Message History

You see here a water moccasin corpse.
Found a stone staircase leading down.
Found a sapphire potion.
Edmund the Younger comes into view.
He is wielding a +4 dire flail of holy wrath and wearing a +1 chain mail of cold resistance.
Found a whip.
Edmund hits you with a +4 dire flail of holy wrath.
Edmund barely misses you.
Edmund hits you with a +4 dire flail of holy wrath.
You hit Edmund but do no damage. You block Edmund's attack.
You hit Edmund but do no damage.
Edmund hits you with a +4 dire flail of holy wrath!
You barely miss Edmund.
Edmund hits you with a +4 dire flail of holy wrath.
* * * LOW HITPOINT WARNING * * *
Edmund hits you with a +4 dire flail of holy wrath.
* * * LOW HITPOINT WARNING * * *
You closely miss Edmund.
Edmund hits you with a +4 dire flail of holy wrath!
* * * LOW HITPOINT WARNING * * *
You slash Edmund!
Edmund is heavily wounded.
You hear an angry hiss.
Edmund hits you with a +4 dire flail of holy wrath.
* * * LOW HITPOINT WARNING * * *
A ball python comes into view.
Unknown command.
You feel better. You block Edmund's attack.
You feel very mighty all of a sudden. The ball python closely misses you.
The ball python barely misses you.
Edmund says, "People think my brother is the best.
I think he's crazy."
Edmund hits you with a +4 dire flail of holy wrath.
* * * LOW HITPOINT WARNING * * *
Unknown command.
You hit Edmund.
Edmund is heavily wounded.
You slash the ball python!
You kill the ball python!
Edmund clears his throat.
Edmund hits you with a +4 dire flail of holy wrath.
You die...

### #..# .....
..... #..####
#.†@.# ##)@.# ###.#
##.###############
#.#....#.....#....
##....#.....#...#..
#...........#######
##.....#.....# #.
#.....#..#### ##


You could see Edmund.

Vanquished Creatures
  A water moccasin (D:4)
  An adder (D:4)
  A dart slug (D:2)
  An orc (D:3)
  A bat (D:3)
  4 endoplasms
  5 hobgoblins
  3 quokkas
  6 ball pythons
  3 frilled lizards
  8 goblins
  4 kobolds
  3 rats
41 creatures vanquished.

Notes
Turn   | Place    | Note
-------+----------+-------------------------------------------
     0 | D:1      | Ancymen the Hill Orc Fighter began the quest for the Orb.
     0 | D:1      | Reached XP level 1. HP: 19/19 MP: 1/1
   154 | D:1      | Reached XP level 2. HP: 25/27 MP: 2/2
  1142 | D:2      | Reached XP level 3. HP: 29/33 MP: 3/3
  1661 | D:3      | Found Oriesti's Weapon Boutique.
  1661 | D:3      | Noticed a +0 demon blade
  1671 | D:3      | Noticed a +0 quick blade
  1746 | D:3      | Found an ancient bone altar of Kikubaaqudgha.
  2016 | D:3      | Identified the +7 quarterstaff "Tipeujaq" {drain, rPois
                  | Will+ Int+3 Dex+2}
  2551 | D:3      | Found an iron altar of Okawaru.
  2552 | D:3      | Found a glowing silver altar of Zin.
  2556 | D:3      | Found a radiant altar of Vehumet.
  2557 | D:3      | Found a snail-covered altar of Cheibriados.
  2558 | D:3      | Found a white marble altar of Elyvilon.
  2558 | D:3      | Found a shimmering altar of Xom.
  2558 | D:3      | Found an opulent altar of Gozag.
  2559 | D:3      | Found an ornate altar of the Wu Jian Council.
  2560 | D:3      | Found a sacrificial altar of Ru.
  2815 | D:4      | Noticed a water moccasin
  2842 | D:4      | Killed a water moccasin
  2843 | D:4      | Reached XP level 4. HP: 22/41 MP: 4/4
  2843 | D:4      | Reached XP level 5. HP: 25/47 MP: 5/5
  2885 | D:4      | Noticed Edmund
  2893 | D:4      | HP: 2/47 [Edmund/+4 dire flail of holy wrath (2)]
  2896 | D:4      | Slain by Edmund

Illustrated notes

Levels and vault maps discovered:
D:1:      lightli_iron_boxes, layout_loops_ring
D:2:      layout_loops_corners
D:3:      layout_basic, kiku_gazebo_pond_becter, minitemple, serial_shops,
          nicolae_shop_mannequins
D:4:      minmay_door_path, layout_cave_pools, minivault_23, uniq_edmund,
          uniq_crazy_yiuf_cottage, uniq_eustachio, uniq_ijyb

Skill      XL: |  1  2  3 |
---------------+----------+-----
Fighting       | 4 |  4.5
Axes           | 4 |  4.2
Armour         | 4 |  4.3
Shields        | 4 |  4.1
Dodging        | |  0.8
Stealth        | |  0.1

Action                     |  1- 3 |  4- 6 || total
---------------------------+-------+-------++-------
  Melee: War axe           |    86 |     6 ||    92
    Use: Potion            |     5 |     2 ||     7
         Scroll            |     6 |       ||     6
 Armour: Scale mail        |    78 |       ||    78
         Plate armour      |    21 |       ||    21
  Dodge: Dodged            |    72 |     3 ||    75
  Block: Buckler           |    40 |     2 ||    42
